 Seeded DCSS version 0.30.1-6-gbe392663c4 (webtiles) character file.

Game seed: 920673320228942481 (custom seed)

23791 CarvArkoylaein the Severer (level 13, -3/116 HPs)
             Began as a Hill Orc Fighter on Sept 20, 2023.
             Was a High Priest of Beogh.
             Slain by a deep troll (7 damage)
             ... on level 2 of the Orcish Mines on Sept 21, 2023.
             The game lasted 01:10:54 (17241 turns).

CarvArkoylaein the Severer (Hill Orc Fighter)      Turns: 17241, Time: 01:10:57

Health: -3/116     AC: 16    Str: 26    XL:     13   Next: 9%
Magic:  0/13       EV: 11    Int: 10    God:    Beogh [*****.]
Gold:   1639       SH:  0    Dex: 10    Spells: 9/12 levels left

rFire   . . .        e - +7 executioner's axe (pain)
rCold   + . .        (shield currently unavailable)
rNeg    . . .        b - +1 scale mail
rPois   +            s - +1 helmet
rElec   .            f - -2 cloak "Filasuca" {rC+ Slay+2}
rCorr   .            (no gloves)
SInv    .            (no boots)
Will    .....        B - amulet "Deiwnuuf" {Spirit rPois Str+4}
Stlth   +            j - ring of wizardry
HPRegen 0.39/turn    n - +4 ring of protection
MPRegen 0.13/turn

%: guardian spirit, wizardry (x1)
@: about to teleport
A: walk on water, hooves 1, low MP 1, passive freeze
a: Renounce Religion, Smiting, Recall Orcish Followers, Give Item to Named
Follower


You were on level 2 of the Orcish Mines.
You worshipped Beogh.
Beogh was extremely pleased with you.
You visited 2 branches of the dungeon, and saw 13 of its levels.

You collected 2007 gold pieces.
You spent 368 gold pieces at shops.

Inventory:

Hand Weapons
 a - a +0 war axe
 e - a +7 executioner's axe of pain (weapon)
Missiles
 I - 2 throwing nets
Armour
 b - a +1 scale mail (worn)
 c - a +0 buckler
 f - the -2 cloak "Filasuca" (worn) {rC+ Slay+2}
   (You acquired it on level 1 of the Dungeon)

   Slay:      It affects your accuracy & damage with ranged weapons and melee
   (+2).
   rC:        It protects you from cold.
 i - a +0 troll leather armour
 p - a +0 helmet
 s - a +1 helmet (worn)
Jewellery
 j - a ring of wizardry (left hand)
 n - a +4 ring of protection (right hand)
 x - an amulet of regeneration
 B - the amulet "Deiwnuuf" (around neck) {Spirit rPois Str+4}
   (You found it on level 5 of the Dungeon)

   [amulet of guardian spirit]

   It causes incoming damage to be divided between your reserves of health and
   magic.
   Str:       It affects your strength (+4).
   rPois:     It protects you from poison.
 C - the amulet "Giogomotz" {rF+++ Regen+ Str+6 Int+3}
   (You found it on level 6 of the Dungeon)

   [amulet of regeneration]

   Str:       It affects your strength (+6).
   Int:       It affects your intelligence (+3).
   rF:        It renders you almost immune to fire.
   Regen:     It increases your rate of health regeneration.
 H - an amulet of faith
Wands
 g - a wand of polymorph (20) (quivered)
 v - a wand of roots (3)
 z - a wand of digging (3)
 F - a wand of paralysis (5)
 G - a wand of flame (2)
Scrolls
 k - 4 scrolls of teleportation
 l - 2 scrolls of amnesia
 m - 2 scrolls of fog
 o - a scroll of immolation
 t - 3 scrolls of fear
 y - 3 scrolls of identify
Potions
 d - 4 potions of might
 h - a potion of cancellation
 q - 2 potions of mutation
 r - a potion of berserk rage
 A - 3 potions of attraction
 D - a potion of haste
Miscellaneous
 w - a piece from Xom's chessboard (15/15)
 E - a phantom mirror


   Skills:
 + Level 11.3 Fighting
 + Level 19.4 Axes
 + Level 11.9 Armour
 + Level 3.7 Dodging
 + Level 2.6 Stealth
 + Level 4.1 Shields
 + Level 2.5 Invocations
 + Level 2.4 Evocations


You had 9 spell levels left.
You knew the following spells:

 Your Spells              Type           Power      Damage    Failure   Level
a - Vampiric Draining     Necr           0%         2d6       61%         3

Your spell library contained the following spells:

 Spells                   Type           Power      Damage    Failure   Level
 Foxfire                  Conj/Fire      0%         2x1d4     28%         1
 Sandblast                Erth           0%         2d4       28%         1
 Blink                    Tloc           0%         N/A       38%         2
 Passwall                 Tmut/Erth      0%         N/A       38%         2
 Poisonous Vapours        Pois/Air       0%         N/A       38%         2
 Call Canine Familiar     Summ           0%         N/A       61%         3
 Dazzling Flash           Conj/Hex       0%         N/A       61%         3
 Frozen Ramparts          Ice            0%         1d1       61%         3
 Mephitic Cloud           Conj/Pois/Air  0%         N/A       61%         3
 Portal Projectile        Hex/Tloc       0%         N/A       61%         3
 Stone Arrow              Conj/Erth      0%         3d7       61%         3
 Ice Form                 Ice/Tmut       0%         N/A       94%         4
 Leda's Liquefaction      Hex/Erth       0%         N/A       94%         4
 Manifold Assault         Tloc           0%         N/A       94%         4
 Summon Ice Beast         Ice/Summ       0%         N/A       94%         4
 Borgnjor's Vile Clutch   Necr/Erth      0%         N/A       100%        5
 Fireball                 Conj/Fire      0%         3d3       100%        5
 Freezing Cloud           Conj/Ice/Air   0%         6-21      100%        5
 Plasma Beam              Fire/Air       0%         2x1d11    100%        6
 Starburst                Conj/Fire      0%         6d3       100%        6
 Storm Form               Tmut/Air       0%         N/A       100%        7
 Borgnjor's Revivificati  Necr           0%         N/A       100%        8


Dungeon Overview and Level Annotations

Branches:
Dungeon (11/15)            Temple (0/1) D:6            Lair (0/5) D:8
    Orc (2/2) D:11            Elf (0/3) Orc:2

Altars:
Ashenzari
Fedhas
Gozag
Makhleb
Ru
Wu Jian
Yredelemnul

Shops:
D:3 *:   Orc:1 (   Orc:2 :?

Annotations:
D:9 2 transporters, hawkwood's ghost, novice DgAr


Innate Abilities, Weirdness & Mutations

You can walk on water.
You have large cloven feet.
Your magical capacity is low. (-10% MP)
A frigid envelope surrounds you and freezes all who hurt you.


Message History

The ogre hits your orc priest with a +0 giant club!!
Your orc priest dies!
Your orc warrior hits the ogre with a +0 mace.
Aiming: Fastroot
Press: ? - help, Q - select action, (/) - cycle Shift-Dir - straight line The roots erupt in riotous growth!
Roots grab the two-headed ogre.
Roots grab the ogre.
Roots grab the deep troll.
Roots grab the ogre.
The ogre shouts!
The grasping roots constrict the ogre!
The grasping roots constrict the two-headed ogre!
You kill the two-headed ogre!
Beogh accepts your kill.
Your orc warrior looks more experienced.
The grasping roots constrict the ogre.
The grasping roots constrict the deep troll!
The ogre closely misses your orc warrior.
The deep troll struggles to escape constriction.
The ogre escapes!
Your orc warrior hits the ogre with a +0 mace!
The ogre dies!
Beogh accepts your kill.
As you read the scroll of teleportation, it crumbles to dust.
You feel strangely unstable.
The grasping roots constrict the ogre.
The grasping roots constrict the deep troll!
The roots release their grip on the deep troll.
The ogre escapes!
The ogre attacks as you move away! The ogre hits you with a +0 giant club!
* * * LOW HITPOINT WARNING * * *
The ogre is very cold.
The ogre is moderately wounded.
The ogre hits your orc warrior with a +0 giant club!!
Your orc warrior dies!
The deep troll attacks as you move away!
The deep troll closely misses you. The deep troll claws you.
* * * LOW HITPOINT WARNING * * *
The deep troll is very cold.
The deep troll is moderately wounded.
The deep troll claws you!
You die...

................))........##
.#.........<...O..)........#
.............O#O..).........
......#....##O..)..#.......#
......#.888##.OO..####....##
.....##....##..$O##..#.#.##
.....##888.##.OOO#...... .#
$....##....##...T.#..# .. #
.....##.888##...@...## .#
..#..##....##........# #.
.....##888.#.........#### ##
$..$.##....#...#.##..##.##
#.##
......#........#.......#....
.......#...................
...#..................##.#
.#.....<..............#..###
..........................##


You could see a deep troll and 10 ogres.

Vanquished Creatures
  A stone giant (Orc:2)
  An ogre mage (Orc:2)
  Erica (D:8)
  7 two-headed ogres
  Pikel (D:8)
  A cyclops (Orc:2)
  Joseph (D:8)
  An unseen horror (D:11)
  A kobold demonologist (D:6)
  6 trolls (Orc:2)
  A hornet (D:10)
  Sigmund (D:4)
  2 wraiths
  19 yaks
  5 wyverns
  A basilisk (D:8)
  Grum (D:8)
  A vampire mosquito (D:11)
  Menkaure (D:5)
  2 steam dragons
  A warg (Orc:1)
  7 hell hounds (D:10)
  5 water moccasins
  Duvessa (D:7)
  4 black bears
  5 orc warriors
  2 ice beasts
  6 ogres
  5 wolves (D:8)
  8 centaurs
  4 lemures (D:8)
  2 phantoms (D:6)
  2 kobold brigands
  Blork the orc (D:4)
  3 gnoll sergeants
  9 scorpions
  5 bullfrogs
  5 wights
  Dowan (D:7)
  14 killer bees
  3 howler monkeys (D:9)
  4 hounds
  2 orc priests
  2 jellies (D:6)
  An iguana (D:5)
  Ijyb (D:5)
  13 orc wizards
  Robin (D:4)
  4 adders
  13 gnolls
  8 white imps
  An ufetubus (D:6)
  A worm (D:3)
  2 dart slugs
  34 orcs
  6 endoplasms
  2 giant cockroaches
  6 goblins
  6 hobgoblins
  A quokka (D:4)
  9 ball pythons
  3 bats
  15 kobolds
  4 rats
287 creatures vanquished.

Vanquished Creatures (collateral kills)
  An ogre mage (Orc:2)
  Harold (D:10)
  4 two-headed ogres
  An orc high priest (Orc:1)
  An orc sorcerer (Orc:2)
  An ugly thing (D:11)
  A cyclops (Orc:2)
  A troll (D:10)
  A wyvern (D:10)
  A shadow (D:10)
  6 yaks
  2 vampire mosquitoes (D:11)
  A warg (D:11)
  2 orc warriors
  2 centaurs
  4 ogres
  A howler monkey (D:9)
  2 gnolls (D:10)
  6 orcs
  3 training dummies (Orc:1)
42 creatures vanquished.

Vanquished Creatures (others)
  2 orc knights (Orc:2)
  7 orc warriors
  6 orc priests
  5 orc wizards
  17 orcs
37 creatures vanquished.

Grand Total: 366 creatures vanquished

Notes
Turn   | Place    | Note
-------+----------+-------------------------------------------
     0 | D:1      | CarvArkoylaein the Hill Orc Fighter began the quest for the
                  | Orb.
     0 | D:1      | Reached XP level 1. HP: 19/19 MP: 1/1
    95 | D:1      | Identified 3 scrolls of acquirement
    95 | D:1      | Acquired a +3 executioner's axe of pain
    96 | D:1      | Acquired 1059 gold pieces
    97 | D:1      | Acquired the -2 cloak "Filasuca" {rC+ Slay+2}
   825 | D:1      | Reached XP level 2. HP: 27/27 MP: 2/2
  1318 | D:2      | Reached skill level 3 in Axes
  1389 | D:2      | You fall into a shaft and drop 1 floor!
  1457 | D:3      | Gained mutation: You are clumsy. (Dex -2) [potion of
                  | mutation]
  1457 | D:3      | Gained mutation: Your magical capacity is low. (-10% MP)
                  | [potion of mutation]
  1457 | D:3      | Gained mutation: You are strong-willed. (Will+) [potion of
                  | mutation]
  1457 | D:3      | Gained mutation: You are robust. (+10% HP) [potion of
                  | mutation]
  1498 | D:3      | Found Xyxiz's Assorted Antiques.
  1505 | D:3      | Reached XP level 3. HP: 34/36 MP: 2/2
  1516 | D:3      | Bought 2 potions of mutation for 368 gold pieces
  1516 | D:3      | Lost mutation: You are robust. (+10% HP) [potion of
                  | mutation]
  1516 | D:3      | Lost mutation: You are clumsy. (Dex -2) [potion of
                  | mutation]
  1516 | D:3      | Lost mutation: You are strong-willed. (Will+) [potion of
                  | mutation]
  1516 | D:3      | Gained mutation: A frigid envelope surrounds you and
                  | freezes all who hurt you. [potion of mutation]
  1516 | D:3      | Gained mutation: You have large cloven feet. [potion of
                  | mutation]
  1573 | D:3      | Found Rylak's Book Boutique.
  2125 | D:4      | Noticed a black bear
  2130 | D:4      | Killed a black bear
  2131 | D:4      | Reached skill level 4 in Axes
  2131 | D:4      | Reached XP level 4. HP: 36/40 MP: 3/3
  2131 | D:4      | Reached XP level 5. HP: 42/46 MP: 4/4
  2138 | D:4      | Got the Precepts of Hapless Last Rites
  2152 | D:4      | Reached skill level 5 in Axes
  2165 | D:4      | Learned a level 3 spell: Vampiric Draining
  2193 | D:4      | Noticed a water moccasin
  2200 | D:4      | Killed a water moccasin
  2201 | D:4      | Reached skill level 6 in Axes
  2201 | D:4      | Reached XP level 6. HP: 44/53 MP: 5/5
  2324 | D:4      | Reached skill level 1 in Evocations
  2625 | D:4      | Noticed Blork the orc
  2633 | D:4      | Killed Blork the orc
  2634 | D:4      | Reached skill level 7 in Axes
  2634 | D:4      | Reached skill level 5 in Armour
  2634 | D:4      | Reached XP level 7. HP: 26/60 MP: 6/6
  2840 | D:4      | Noticed Robin
  2845 | D:4      | Killed Robin
  3178 | D:4      | Noticed Sigmund
  3192 | D:4      | Killed Sigmund
  3193 | D:4      | Reached skill level 5 in Fighting
  3561 | D:5      | Entered Level 5 of the Dungeon
  3574 | D:5      | Reached skill level 1 in Dodging
  3575 | D:5      | Noticed Menkaure
  3579 | D:5      | Reached skill level 8 in Axes
  3584 | D:5      | Killed Menkaure
  3585 | D:5      | Reached XP level 8. HP: 6/68 MP: 7/7
  3793 | D:5      | Noticed Ijyb
  3798 | D:5      | Killed Ijyb
  3799 | D:5      | Reached skill level 9 in Axes
  3847 | D:5      | Identified the amulet "Deiwnuuf" {Spirit rPois Str+4}
 10640 | D:5      | Found a sacrificial altar of Ru.
 10790 | D:6      | Found a burning altar of Makhleb.
 10800 | D:6      | Reached XP level 9. HP: 75/75 MP: 8/8
 10841 | D:6      | Became a worshipper of Beogh the Brigand
 10936 | D:6      | Noticed a kobold demonologist
 10938 | D:6      | Noticed a hellwing
 10946 | D:6      | Killed a kobold demonologist
 10947 | D:6      | Reached skill level 10 in Axes
 10976 | D:6      | Reached skill level 11 in Axes
 10990 | D:6      | Identified the amulet "Giogomotz" {rF+++ Regen+ Str+6
                  | Int+3}
 10998 | D:6      | Reached * piety under Beogh
 11481 | D:6      | Found a staircase to the Ecumenical Temple.
 11948 | D:7      | Reached skill level 12 in Axes
 11949 | D:7      | Reached XP level 10. HP: 74/84 MP: 9/9
 12034 | D:7      | Found a blossoming altar of Fedhas.
 12172 | D:7      | Noticed Dowan
 12174 | D:7      | Noticed Duvessa
 12179 | D:7      | Killed Duvessa
 12182 | D:7      | Killed Dowan
 12300 | D:7      | Reached skill level 1 in Stealth
 12359 | D:7      | Reached ** piety under Beogh
 12462 | D:7      | Found an opulent altar of Gozag.
 12469 | D:7      | Found a broken altar of Ashenzari.
 12658 | D:8      | Reached skill level 13 in Axes
 12681 | D:8      | Reached skill level 14 in Axes
 12694 | D:8      | Found a staircase to the Lair.
 13199 | D:8      | Noticed Joseph
 13206 | D:8      | Killed Joseph
 13256 | D:8      | Noticed Grum
 13266 | D:8      | Reached XP level 11. HP: 78/94 MP: 5/10
 13267 | D:8      | Reached skill level 15 in Axes
 13267 | D:8      | Reached skill level 10 in Armour
 13267 | D:8      | Reached skill level 1 in Invocations
 13274 | D:8      | Killed Grum
 13279 | D:8      | Reached *** piety under Beogh
 13347 | D:8      | Noticed Pikel
 13354 | D:8      | Killed Pikel
 13571 | D:8      | Noticed Erica
 13585 | D:8      | Killed Erica
 13586 | D:8      | Reached skill level 16 in Axes
 14110 | D:9      | Found a basalt altar of Yredelemnul.
 14112 | D:9      | Found an ornate altar of the Wu Jian Council.
 14269 | D:9      | Found a transporter.
 14270 | D:9      | Noticed hawkwood's ghost (novice DgAr)
 14270 | D:9      | Noticed a two-headed ogre
 14271 | D:9      | Found a transporter.
 14271 | D:9      | Noticed a two-headed ogre
 14271 | D:9      | Noticed a two-headed ogre
 14272 | D:9      | Noticed a two-headed ogre
 14275 | D:9      | Noticed a two-headed ogre
 14763 | D:10     | Entered Level 10 of the Dungeon
 14777 | D:10     | Noticed a two-headed ogre
 14783 | D:10     | Killed a two-headed ogre
 14785 | D:10     | Reached **** piety under Beogh
 15052 | D:10     | Reached skill level 17 in Axes
 15052 | D:10     | Noticed a hell knight
 15057 | D:10     | Noticed a hell knight
 15062 | D:10     | Noticed a hell knight
 15064 | D:10     | Noticed a hell knight
 15068 | D:10     | Noticed a hell knight
 15070 | D:10     | Noticed a hell knight
 15071 | D:10     | Noticed a necromancer
 15378 | D:10     | Noticed Harold
 15386 | D:10     | Killed Harold
 15387 | D:10     | Reached skill level 10 in Fighting
 15387 | D:10     | Reached XP level 12. HP: 103/106 MP: 11/11
 15720 | D:11     | Found a staircase to the Orcish Mines.
 15929 | D:11     | Noticed a two-headed ogre
 15935 | D:11     | Killed a two-headed ogre
 15935 | D:11     | Gained Arkwar as an ally
 16626 | Orc:1    | Entered Level 1 of the Orcish Mines
 16649 | Orc:1    | Noticed an orc high priest
 16657 | Orc:1    | Killed an orc high priest
 16658 | Orc:1    | Reached skill level 18 in Axes
 16710 | Orc:1    | Noticed a two-headed ogre
 16716 | Orc:1    | Killed a two-headed ogre
 16887 | Orc:1    | Found Lodem's Firing Range.
 17072 | Orc:2    | Entered Level 2 of the Orcish Mines
 17073 | Orc:2    | Found a staircase to the Elven Halls.
 17161 | Orc:2    | Noticed a two-headed ogre
 17161 | Orc:2    | Noticed a two-headed ogre
 17161 | Orc:2    | Noticed a two-headed ogre
 17161 | Orc:2    | Noticed a two-headed ogre
 17164 | Orc:2    | Noticed an ogre mage
 17165 | Orc:2    | Found Enioni's Magic Scroll Emporium.
 17167 | Orc:2    | Noticed a two-headed ogre
 17169 | Orc:2    | Killed a two-headed ogre
 17169 | Orc:2    | Your ally Arkwar died
 17169 | Orc:2    | Noticed a two-headed ogre
 17171 | Orc:2    | Killed a two-headed ogre
 17171 | Orc:2    | Killed a two-headed ogre
 17172 | Orc:2    | Noticed a two-headed ogre
 17174 | Orc:2    | Noticed a stone giant
 17175 | Orc:2    | Killed a two-headed ogre
 17176 | Orc:2    | Noticed an ogre mage
 17180 | Orc:2    | Found Poenyon's Book Shop.
 17180 | Orc:2    | Noticed a two-headed ogre
 17187 | Orc:2    | Killed a two-headed ogre
 17188 | Orc:2    | Killed a stone giant
 17192 | Orc:2    | Killed an ogre mage
 17195 | Orc:2    | Killed an ogre mage
 17196 | Orc:2    | Reached skill level 19 in Axes
 17199 | Orc:2    | Reached ***** piety under Beogh
 17201 | Orc:2    | Killed a two-headed ogre
 17202 | Orc:2    | Reached XP level 13. HP: 33/116 MP: 11/13
 17241 | Orc:2    | HP: 4/116 [deep troll (3)]
 17241 | Orc:2    | Slain by a deep troll

Illustrated notes

Levels and vault maps discovered:
D:1:      dpeg_arrival_orchard, layout_basic
D:2:      layout_loops_corners, uniq_natasha, uniq_crazy_yiuf_cottage
D:3:      layout_basic, serial_shops, nicolae_shop_stone, shop
D:4:      layout_basic, nicolae_figureground_sparkle, uniq_sigmund, uniq_robin,
          uniq_blork_the_orc
D:5:      layout_cave_pools, nicolae_ru_path_of_blood, minmay_quadrilaterals,
          uniq_menkaure, uniq_ijyb
D:6:      cheibrodos_barr_body, layout_rooms, lemuel_doored_altar,
          minmay_temple_entry_large_hall, hangedman_decor_growths,
          minmay_fractal_squares_gapless_5
D:7:      layout_basic, mainiacjoe_overflow_big_doors, lemuel_tele_altar,
          zin_scriptorium, nicolae_figureground_pulse, uniq_duvessa
D:8:      layout_loops_cross, minmay_lair_entry_grove, serial_demonic,
          serial_demonic_f, serial_demonic_e, serial_demonic_b,
          serial_demonic_d, serial_demonic_g, serial_demonic_f, uniq_pikel,
          uniq_joseph, uniq_grum, uniq_erica
D:9:      layout_irregular_city, mainiacjoe_overflow_catwalk_spiral,
          gammafunk_ghost_smash, serial_bayou_crossing
D:10:     layout_cross, minmay_rotating_lava, uniq_harold
D:11:     layout_cave_pools, david_orc_1_choice
Orc:1:    layout_caves, nicolae_shop_firing_range
Orc:2:    st_orc_open, layout_caves, small_statue_alley_c

Skill      XL: |  1  2  3  4  5  6  7  8  9 10 11 12 |
---------------+-------------------------------------+-----
Axes           | 3 4 6 7 8 9 12 14 17 19 | 19.4
Fighting       | 4 5 6 8 10 11 | 11.3
Armour         | 4 5 8 9 10 11 | 11.9
Evocations     | 1 2 |  2.4
Shields        | 4 |  4.1
Dodging        | 1 2 3 |  3.7
Stealth        | 1 2 |  2.6
Invocations    | 1 2 |  2.5

Action                     |  1- 3 |  4- 6 |  7- 9 | 10-12 | 13-15 || total
---------------------------+-------+-------+-------+-------+-------++-------
  Melee: War axe           |    41 |    24 |     3 |       |       ||    68
         Kick              |     1 |    10 |    23 |    68 |     1 ||   103
         Executioner's axe |       |       |   105 |   233 |     5 ||   343
 Invoke: Convert to Beogh  |       |       |     1 |       |       ||     1
         Smiting           |       |       |       |     2 |       ||     2
         Recall Orcish Fol |       |       |       |     3 |     1 ||     4
  Evoke: Wand              |       |     1 |       |    16 |     1 ||    18
         Phantom mirror    |       |       |       |     1 |       ||     1
    Use: Scroll            |     3 |       |    10 |    13 |     1 ||    27
         Potion            |     2 |       |     7 |    10 |       ||    19
   Stab: Paralysed         |       |       |       |     7 |       ||     7
         Distracted        |       |       |       |     2 |       ||     2
 Armour: Scale mail        |    24 |     5 |    64 |   155 |     2 ||   250
  Dodge: Dodged            |    21 |    12 |    74 |   159 |     3 ||   269
  Block: Buckler           |     9 |     1 |     1 |       |       ||    11
